Map: Coda LE (Void)

Players

Wintersc2 (Winter)

  • Race: Terran Terran

ShoWTimE - Winner!

  • Race: Protoss Protoss

VOD

Have the link to the VOD?

Description

Time

  • Played on: April 8, 2015, 2:47 p.m.
  • Length: 16:33
Show
View Real Time Build Order
Export as new Build Order

Wintersc2 Terran 

Build Orders: MMM Bio 

Get SALT Encoding   

  12  0:01  SCV  
  13  0:13  SCV  
  14  0:18  Supply Depot  
  14  0:25  SCV  
  15  0:42  Barracks  
  15  0:45  SCV  
  16  0:57  SCV  
  17  1:09  SCV  
  18  1:24  Command Center  
  18  1:30  Marine, Orbital Command  
  19  1:48  Barracks, Marine  
  19  1:51  Supply Depot  
  20  1:56  SCV  
  21  2:08  SCV  
  21  2:09  Refinery  
  21  2:11  Marine  
  23  2:20  SCV  
  24  2:24  Barracks  
  24  2:29  Marine  
  25  2:33  SCV  
  25  2:36  Orbital Command  
  26  2:42  Marine  
  27  2:45  SCV  
  27  2:47  Marine  
  29  2:57  SCV  
  30  3:00  Refinery  
  30  3:06  SCV  
  30  3:09  SCV  
  31  3:14  Missile Turret  
  31  3:15  Missile Turret, Marine x2  
  31  3:17  Barracks Tech Lab  
  31  3:18  SCV  
  34  3:21  SCV  
  35  3:28  Missile Turret  
  35  3:30  SCV  
  35  3:33  Marine x2  
  38  3:35  SCV  
  38  3:39  Stimpack  
  39  3:43  Marauder  
  39  3:45  SCV  
  39  3:47  SCV  
  43  3:57  SCV  
  43  3:59  SCV  
  45  4:03  Factory  
  45  4:05  Supply Depot  
  45  4:08  Supply Depot  
  45  4:09  SCV  
  46  4:13  Barracks Reactor  
  46  4:16  Barracks Tech Lab  
  46  4:20  SCV  
  46  4:27  SCV  
  46  4:31  Marauder  
  48  4:33  SCV  
  48  4:35  Engineering Bay  
  48  4:37  Supply Depot, Refinery  
  49  4:39  SCV  
  49  4:40  Refinery  
  49  4:45  SCV  
  51  4:51  SCV  
  51  4:52  Starport, Marine  
  53  4:55  Supply Depot x2  
  53  4:57  SCV, Marine x2  
  53  4:58  Marauder  
  58  5:03  SCV  
  59  5:07  Factory Reactor  
  59  5:09  SCV  
  59  5:11  Barracks  
  60  5:15  SCV  
  60  5:17  Marauder, Marine x2  
  60  5:19  Marauder  
  68  5:21  SCV  
  68  5:28  SCV  
  69  5:33  SCV  
  69  5:35  Terran Infantry Weapons Level 1  
  70  5:39  Combat Shields  
  70  5:40  SCV  
  70  5:45  SCV, Supply Depot  
  71  5:52  SCV  
  71  5:55  Medivac x2  
  71  5:56  Command Center  
  76  6:00  SCV  
  76  6:03  Marauder  
  79  6:05  Barracks Reactor  
  79  6:06  SCV  
  79  6:14  Marine  
  79  6:15  Marauder  
  79  6:16  Factory Reactor  
  82  6:19  Marine  
  82  6:24  Supply Depot  
  82  6:25  Marauder  
  85  6:29  Barracks  
  85  6:30  Medivac  
  85  6:34  SCV  
  85  6:37  Supply Depot, Medivac  
  85  6:38  Marine  
  89  6:43  Marine  
  90  6:48  SCV  
  90  6:52  Marine  
  92  6:54  Marine x2  
  92  6:55  Marauder  
  92  6:56  Marine  
  92  7:01  SCV, Marine  
  96  7:07  SCV  
  97  7:10  Marine  
  97  7:12  Marine  
  97  7:13  Marauder  
  97  7:14  Orbital Command, Marine  
  98  7:16  Marauder  
  98  7:19  SCV, Marine  
  98  7:21  SCV  
  101  7:27  Marine  
  101  7:29  Marine  
  99  7:32  Marine  
  99  7:36  Medivac, Marine  
  98  7:37  Marauder  
  98  7:39  Orbital Command  
  97  7:46  Marine  
  98  7:54  Terran Infantry Armor Level 1, Marauder  
  98  7:55  Marine  
  101  7:59  SCV, Marauder  
  101  8:01  Marine x2  
  106  8:07  Marine  
  107  8:13  Marine  
  107  8:15  Marine, Medivac  
  107  8:19  Marine  
  112  8:20  Marauder, Marine  
  112  8:21  SCV  
  116  8:35  Medivac, Marine x2  
  116  8:36  Widow Mine x2  
  116  8:37  SCV  
  125  8:44  Marine  
  125  9:02  Marine x2  
  125  9:03  Marine  
  125  9:05  Marine  
  125  9:06  Marine  
  125  9:08  Marauder  
  125  9:12  Supply Depot x2, Medivac  
  110  9:19  Marine x2  
  110  9:20  Marine  
  110  9:23  Marine  
  112  9:24  Marauder  
  112  9:28  Medivac  
  112  9:29  SCV, Marauder  
  110  9:32  Widow Mine x2  
  110  9:35  SCV, Refinery x2  
  110  9:37  Marine x2  
  115  9:38  Marine  
  115  9:40  Marine  
  117  9:46  Marauder  
  117  9:47  Medivac  
  117  9:48  SCV  
  117  9:50  Marauder  
  124  9:55  Barracks, Marine x2  
  124  9:56  Barracks, Marine  
  124  9:58  Marine  
  127  10:06  Marine  
  127  10:11  Marine  
  127  10:13  Marine x2  
  131  10:14  Marine  
  131  10:16  Marine  
  130  10:24  Marine  
  129  10:29  Marine  
  129  10:31  Marine x2  
  129  10:32  Marine  
  122  10:41  Marine  
  122  10:42  Widow Mine x2  
  128  10:43  Marauder, Medivac x2  
  128  10:47  Marauder  
  128  10:48  Marine x2  
  128  10:49  Marine  
  136  10:59  Marine  
  139  11:04  Marauder  
  139  11:05  SCV, Armory  
  139  11:06  Barracks Reactor, Barracks Tech Lab, Marine x2  
  139  11:07  Marine  
  139  11:09  Marauder  
  139  11:10  Widow Mine  
  132  11:12  Medivac  
  132  11:17  Marine  
  132  11:24  Marine x2  
  134  11:25  Marauder  
  134  11:28  Marine  
  134  11:30  SCV, Marauder  
  138  11:39  Marine  
  130  11:42  Marine  
  130  11:44  SCV, Marine  
  125  11:53  Marine x2  
  120  11:58  Marine  
  120  11:59  Marauder  
  120  12:00  Marine  
  122  12:01  Marine  
  122  12:02  Widow Mine x2  
  126  12:11  Marine  
  122  12:15  SCV  
  122  12:22  Marine x3  
  112  12:23  Marine x2  
  112  12:24  Medivac x2  
  112  12:28  SCV x2  
  112  12:29  Marine  
  119  12:31  Widow Mine x2  
  118  12:46  Marine x2  
  118  12:47  Marine  
  92  12:54  Orbital Command, Medivac  
  92  12:55  Marine  
  87  13:01  Marine  
  88  13:09  SCV  
  86  13:22  Marine x2  
  86  13:26  Marine  
  85  13:36  Marine  
  85  13:38  Marine  
  82  13:41  Marine  
  82  13:42  Marauder  
  69  13:49  Marine  
  69  13:50  Marine  
  69  13:53  Marine  
  69  13:56  Marine  
  69  14:00  Marine  
  64  14:06  Marine  
  50  14:46  Widow Mine  
  50  14:47  Widow Mine  
  52  15:08  Marine x2  
  52  15:13  SCV  
  55  15:15  Widow Mine, Orbital Command  
  57  15:37  Marine  
  57  15:38  Marine x2  
  45  16:09  Marine  
Show
View Real Time Build Order
Export as new Build Order

ShoWTimE Protoss - Winner!

Build Orders: 1 Gate Expand, Blink Stalkers, Disruptor Archon 

Get SALT Encoding   

  12  0:00  Probe  
  13  0:14  Pylon  
  13  0:18  Probe  
  14  0:34  Probe (Chrono Boost), Gateway  
  16  0:44  Probe (Chrono Boost)  
  16  0:45  Assimilator  
  16  0:50  Assimilator  
  16  0:54  Probe  
  17  1:06  Probe (Chrono Boost)  
  17  1:11  Pylon  
  18  1:18  Probe (Chrono Boost)  
  19  1:23  Cybernetics Core  
  19  1:25  Probe (Chrono Boost)  
  20  1:36  Probe  
  21  1:58  Nexus  
  21  2:05  Mothership Core (Chrono Boost)  
  23  2:15  Stalker  
  25  2:17  Warp Gate  
  25  2:22  Probe  
  26  2:29  Pylon  
  26  2:34  Probe  
  27  2:44  Twilight Council  
  27  2:48  Probe  
  28  2:57  Stalker  
  30  3:00  Probe (Chrono Boost)  
  31  3:10  Probe (Chrono Boost)  
  33  3:13  Probe (Chrono Boost)  
  33  3:17  Probe  
  34  3:23  Probe  
  34  3:26  Blink (Chrono Boost)  
  35  3:29  Probe (Chrono Boost)  
  35  3:32  Stalker  
  38  3:35  Probe (Chrono Boost)  
  40  3:41  Probe (Chrono Boost)  
  40  3:46  Probe (Chrono Boost)  
  42  3:49  Probe (Chrono Boost)  
  42  3:52  Probe  
  42  3:53  Robotics Facility  
  43  3:58  Probe  
  44  4:04  Probe  
  44  4:05  Gateway  
  45  4:10  Gateway  
  45  4:12  Probe  
  45  4:16  Probe  
  47  4:19  Pylon  
  46  4:24  Probe (Chrono Boost)  
  46  4:29  Probe (Chrono Boost)  
  48  4:32  Assimilator  
  48  4:35  Assimilator  
  48  4:36  Probe (Chrono Boost)  
  49  4:40  Probe (Chrono Boost)  
  49  4:44  Probe (Chrono Boost), Observer  
  52  4:47  Probe (Chrono Boost)  
  52  4:48  Robotics Bay  
  53  4:53  Probe  
  53  4:58  Nexus  
  54  5:05  Probe  
  55  5:09  Warp Prism (Chrono Boost)  
  55  5:10  Pylon  
  57  5:28  Stalker x2  
  57  5:29  Stalker  
  57  5:33  Probe x2  
  57  5:35  Pylon  
  65  5:43  Pylon  
  65  5:49  Pylon  
  65  5:52  Gravitic Drive (Chrono Boost)  
  68  5:57  Probe x2  
  68  6:00  Sentry x2, Disruptor (Chrono Boost), Pylon  
  68  6:01  Zealot  
  76  6:09  Probe x2  
  78  6:15  Probe  
  81  6:30  Disruptor (Chrono Boost), Zealot x2  
  81  6:31  Pylon, Zealot  
  87  6:35  Gateway  
  87  6:36  Gateway x2  
  87  6:42  Probe  
  87  6:43  Probe x2  
  90  6:49  Assimilator  
  90  6:53  Assimilator  
  90  6:54  Probe  
  90  6:55  Probe x2  
  90  6:58  Disruptor, Charge (Chrono Boost)  
  93  7:03  Templar Archives  
  93  7:08  Disruptor  
  93  7:18  Zealot x2  
  93  7:19  Zealot  
  87  7:31  Pylon  
  87  7:33  Probe, Pylon  
  87  7:36  Probe x2  
  84  7:42  Stalker x2  
  84  7:43  Stalker  
  88  7:45  Probe  
  88  7:49  Probe x2  
  95  7:51  Pylon  
  95  7:54  Psionic Storm, Disruptor (Chrono Boost)  
  95  7:58  Zealot, High Templar x2  
  101  7:59  Gateway  
  101  8:05  Forge  
  101  8:06  Forge  
  101  8:08  Disruptor, Archon  
  100  8:20  Stalker, Zealot x2  
  100  8:21  Zealot  
  100  8:25  Pylon  
  108  8:33  Gateway  
  106  8:34  Gateway  
  106  8:36  High Templar x2  
  106  8:40  Disruptor  
  106  8:41  Disruptor  
  110  8:46  Stalker x3  
  110  8:47  Stalker  
  118  8:52  Pylon  
  113  9:07  Zealot x2  
  94  9:18  Zealot x3  
  94  9:21  Zealot  
  94  9:24  Protoss Ground Weapons Level 1 (Chrono Boost), Protoss Ground Armor Level 1 (Chrono Boost)  
  92  9:26  Probe x3  
  90  9:33  Disruptor  
  90  9:34  Disruptor  
  90  9:38  Probe x3  
  93  9:46  Nexus  
  93  9:47  Pylon  
  93  9:48  High Templar x3  
  93  9:49  High Templar  
  93  9:50  Probe x3  
  93  9:51  Zealot x4  
  106  10:02  Probe x3  
  107  10:14  Probe x2  
  107  10:15  Probe, Zealot x2, High Templar x2  
  117  10:22  Zealot x4  
  117  10:24  Archon  
  117  10:26  Probe  
  117  10:27  Probe x2  
  128  10:30  Disruptor  
  128  10:37  Zealot  
  128  10:38  Zealot  
  128  10:40  Photon Cannon  
  116  10:52  Stalker  
  116  10:53  Stalker, Zealot x2  
  118  11:01  Disruptor  
  112  11:13  Stalker, Zealot x4  
  112  11:14  Disruptor  
  108  11:30  Zealot  
  108  11:31  Zealot x2  
  103  11:43  Zealot x2  
  103  11:44  Zealot x3  
  111  11:52  Zealot x3  
  113  12:01  Assimilator  
  113  12:03  Assimilator  
  113  12:08  Zealot x4  
  115  12:20  Zealot x2  
  115  12:21  Zealot  
  84  12:54  High Templar x4  
  84  12:55  High Templar x3  
  84  12:58  Archon  
  86  13:01  Archon x2  
  86  13:02  Archon  
  86  13:03  Probe (Chrono Boost)  
  83  13:10  Stalker  
  83  13:12  Probe (Chrono Boost)  
  86  13:17  Nexus  
  86  13:19  Probe x2  
  88  13:25  Observer (Chrono Boost)  
  84  13:28  Disruptor  
  84  13:31  Probe x2  
  80  13:41  Zealot x4  
  80  13:46  Disruptor  
  86  14:14  Nexus  
  86  14:27  Stalker  
  86  14:28  Observer (Chrono Boost)  
  89  14:36  Probe (Chrono Boost)  
  91  14:46  Probe (Chrono Boost), High Templar x2  
  95  14:56  Assimilator  
  95  15:03  Stalker  
  97  15:09  Disruptor  
  97  15:12  Stalker  
  97  15:13  Stalker  
  101  15:18  Probe  
  101  15:19  Probe x2  
  104  15:28  Probe  
  109  15:30  Probe  
  109  15:31  Probe x2, Disruptor (Chrono Boost)  
  112  15:40  Probe  
  113  15:43  Probe x2  
  107  15:56  Pylon, Zealot x4  
  107  15:57  Zealot x2  
  106  16:00  Observer  
  100  16:05  High Templar x2  
  103  16:20  Zealot x2  
  103  16:21  Zealot x3  
Tags
 
Add a new tag
Caveats
  • Supply blocks, unpowered buildings, or Contaminate may cause inaccurate times.
  • Supply counts are checked every 10 seconds.